Map: Prion Terraces

Players

Burt

  • Race: Terran Terran
  • League: Platinum

waLLaCe - Winner!

  • Race: Protoss Protoss
  • League: Diamond

VOD

Have the link to the VOD?

Description

Time

  • Played on: Nov. 17, 2015, 9:51 p.m.
  • Length: 7:54
Show
View Real Time Build Order
Export as new Build Order

Burt Terran 

Build Orders: MMM Bio 

Get SALT Encoding   

  12  0:01  SCV  
  13  0:13  SCV  
  14  0:24  Supply Depot  
  14  0:25  SCV  
  15  0:45  SCV  
  15  0:46  Barracks  
  16  0:58  SCV  
  17  1:10  SCV  
  18  1:22  Command Center, SCV  
  19  1:35  Supply Depot  
  19  1:36  Orbital Command  
  19  1:40  Marine  
  19  1:58  Marine  
  20  2:02  Refinery x2  
  20  2:03  SCV  
  21  2:15  Marine  
  22  2:23  SCV  
  22  2:24  Barracks  
  22  2:26  Barracks  
  23  2:34  Marine  
  23  2:35  SCV  
  25  2:42  Orbital Command  
  25  2:47  SCV  
  26  2:52  Marine  
  27  3:00  SCV  
  28  3:10  SCV  
  29  3:13  SCV  
  29  3:14  Barracks Reactor  
  29  3:15  Barracks Tech Lab x2  
  30  3:21  Engineering Bay  
  30  3:22  SCV  
  30  3:25  SCV  
  32  3:34  SCV  
  33  3:48  Marine x2  
  33  3:52  SCV x2  
  33  3:53  Combat Shields  
  37  3:56  Stimpack  
  37  3:57  Marine  
  37  3:58  Marine  
  37  4:01  Terran Infantry Weapons Level 1  
  39  4:04  SCV  
  39  4:06  Orbital Command, Marine  
  41  4:13  Marauder  
  43  4:27  Marauder  
  43  4:28  Marine  
  46  4:38  Marine  
  46  4:39  SCV x2, Marauder  
  51  4:47  Factory  
  51  4:51  SCV x2  
  51  4:52  Marine, Marauder  
  55  4:56  Marine  
  57  5:00  Marauder  
  57  5:02  Supply Depot  
  57  5:03  SCV x2  
  57  5:06  Supply Depot  
  61  5:20  Marine  
  62  5:23  Marine  
  62  5:24  Marauder  
  66  5:28  SCV x2, Supply Depot  
  67  5:35  Supply Depot  
  67  5:40  Factory Tech Lab, SCV x2  
  69  5:43  Starport  
  69  5:44  Marine  
  69  5:45  Marine x2  
  69  5:46  Marine  
  73  5:52  SCV x2  
  73  5:56  Terran Infantry Armor Level 1, Missile Turret  
  75  5:59  Missile Turret  
  75  6:02  Marine x2  
  75  6:03  Marine x2  
  79  6:04  SCV  
  79  6:05  SCV  
  79  6:06  Supply Depot  
  79  6:09  Siege Tank  
  84  6:31  SCV x2  
  86  6:34  Supply Depot  
  86  6:35  Medivac x2  
  86  6:38  Marauder  
  86  6:39  Marine, Marauder  
  95  6:43  SCV  
  95  6:44  Hellion  
  98  6:49  SCV  
  99  6:55  SCV  
  99  6:57  Supply Depot, Marine  
  99  6:58  Supply Depot, Refinery  
  99  6:59  Command Center, Refinery, Marine x2  
  103  7:05  Siege Tank  
  103  7:06  Viking  
  108  7:14  Marine  
  109  7:15  SCV  
  109  7:18  Marine x2  
  109  7:19  SCV  
  111  7:27  SCV  
  112  7:31  SCV  
  112  7:32  Marine  
Show
View Real Time Build Order
Export as new Build Order

waLLaCe Protoss - Winner!

Build Orders:  

Get SALT Encoding   

  12  0:01  Probe (Chrono Boost)  
  13  0:11  Probe (Chrono Boost)  
  14  0:21  Pylon  
  14  0:27  Assimilator  
  14  0:28  Probe (Chrono Boost)  
  15  0:40  Gateway  
  15  0:44  Probe (Chrono Boost)  
  16  0:54  Probe (Chrono Boost)  
  17  1:05  Probe (Chrono Boost)  
  17  1:09  Pylon  
  18  1:20  Probe (Chrono Boost)  
  19  1:28  Cybernetics Core  
  19  1:32  Gateway  
  19  1:35  Probe (Chrono Boost)  
  20  1:40  Assimilator  
  20  1:45  Probe (Chrono Boost)  
  21  1:59  Probe (Chrono Boost)  
  22  2:02  Pylon  
  22  2:05  Stalker  
  24  2:08  Warp Gate (Chrono Boost)  
  24  2:09  Probe (Chrono Boost)  
  25  2:37  Nexus  
  25  2:43  Stalker  
  27  2:51  Adept  
  29  2:53  Probe  
  30  3:00  Pylon  
  30  3:13  Robotics Facility  
  30  3:20  Probe  
  31  3:32  Probe  
  32  3:47  Stalker x2  
  36  3:54  Probe (Chrono Boost), Forge  
  38  3:55  Probe (Chrono Boost)  
  38  4:01  Observer (Chrono Boost)  
  39  4:04  Probe (Chrono Boost)  
  40  4:11  Gateway  
  40  4:14  Probe  
  41  4:17  Probe  
  42  4:25  Pylon  
  42  4:28  Stalker  
  42  4:30  Adept  
  46  4:35  Protoss Shields Level 1 (Chrono Boost), Probe  
  47  4:44  Observer  
  48  4:46  Probe  
  48  4:51  Assimilator  
  49  4:55  Stalker, Adept  
  49  4:56  Probe  
  54  5:07  Probe, Robotics Bay  
  54  5:09  Pylon  
  55  5:22  Adept x2  
  55  5:23  Stalker  
  61  5:35  Photon Cannon  
  61  5:38  Photon Cannon  
  61  5:42  Mothership Core, Probe, Pylon  
  64  5:53  Probe  
  64  5:54  Disruptor (Chrono Boost)  
  68  6:02  Assimilator  
  68  6:03  Probe  
  68  6:10  Adept  
  71  6:14  Probe  
  71  6:15  Pylon  
  72  6:20  Pylon  
  72  6:26  Stalker, Disruptor (Chrono Boost)  
  77  6:40  Stalker  
  77  6:41  Stalker  
  81  6:58  Nexus  
  81  7:02  Probe x2  
  83  7:28  Adept x2  
  83  7:29  Stalker  
Tags
 
Add a new tag
Caveats
  • Supply blocks, unpowered buildings, or Contaminate may cause inaccurate times.
  • Supply counts are checked every 10 seconds.